 Dungeon Crawl Stone Soup version 0.21-a0-59-g7b0e191 (webtiles) character file.

4280 nikopol the Archer (level 10, -7/90 HPs)
             Began as a Minotaur Berserker on June 16, 2017.
             Was a High Priest of Trog.
             Mangled by an eight-headed hydra (9 damage)
             ... on level 8 of the Dungeon.
             The game lasted 00:17:17 (7393 turns).

nikopol the Archer (Minotaur Berserker)             Turns: 7393, Time: 00:17:18

Health: -7/90      AC: 16    Str: 24    XL:     10   Next: 10%
Magic:  9/9        EV: 10    Int:  4    God:    Trog [*****.]
Gold:   443        SH:  0    Dex: 14    Spells: 9/9 levels left

rFire    . . .     SeeInvis .   z - +1 shortbow
rCold    . . .     Gourm    +   (shield currently unavailable)
rNeg     . . .     Faith    .   x - +0 chain mail
rPois    .         Spirit   .   (helmet restricted)
rElec    .         Reflect  .   F - +0 cloak
rCorr    .         Harm     .   (no gloves)
MR       .....                  B - +0 pair of boots
Stlth    ..........             s - amulet of the gourmand
HPRegen  0.25/turn              u - +3 ring of strength
MPRegen  0.11/turn              E - +3 ring of protection

@: no status effects
A: retaliatory headbutt, horns 2
a: Berserk, Trog's Hand, Brothers in Arms, Burn Spellbooks, Renounce Religion


You were on level 8 of the Dungeon.
You worshipped Trog.
Trog was extremely pleased with you.
You were very full.

You visited 1 branch of the dungeon, and saw 8 of its levels.
You also visited: Ossuary.

You collected 443 gold pieces.

Inventory:

Hand Weapons
 a - a +0 hand axe of electrocution
 z - a +1 shortbow (weapon)
 K - a +0 hand axe
 M - a +0 war axe
Missiles
 d - 201 arrows (quivered)
Armour
 b - a +0 animal skin
 i - a +0 leather armour
 l - a +0 ring mail
 m - a cursed +0 chain mail
 x - a +0 chain mail (worn)
 B - a +0 pair of boots (worn)
 F - a +0 cloak (worn)
 N - a +0 ring mail of fire resistance
Jewellery
 s - an amulet of the gourmand (around neck)
 u - a +3 ring of strength (left hand)
 y - an uncursed ring of positive energy
 E - a +3 ring of protection (right hand)
 J - a +2 ring of evasion {unknown}
Wands
 j - a wand of polymorph (23/24)
Scrolls
 e - 9 scrolls of remove curse
 g - 2 scrolls of immolation
 h - 6 scrolls of identify
 o - 6 scrolls of enchant weapon
 t - 3 scrolls of recharging
 v - 2 scrolls of blinking
 w - 4 scrolls of magic mapping
 A - 2 scrolls of fear {unknown}
 G - 5 scrolls of teleportation {unknown}
 L - 2 scrolls of amnesia {unknown}
Potions
 k - 2 potions of degeneration {unknown}
 n - 2 potions of heal wounds
 p - a potion of invisibility {unknown}
 q - 2 potions of agility {unknown}
 r - 2 potions of haste {unknown}
 C - 3 potions of cancellation {unknown}
 D - 2 potions of curing
 I - a potion of berserk rage {unknown}
Comestibles
 c - 7 bread rations
 f - 3 royal jellies
 H - 3 meat rations
 O - 10 chunks of flesh


   Skills:
 + Level 8.6 Fighting
 + Level 9.1 Axes
 + Level 9.4 Bows
 + Level 7.2 Armour
 + Level 4.1 Dodging
 + Level 2.0 Stealth


You had 9 spell levels left.
You didn't know any spells.

Dungeon Overview and Level Annotations

Branches:
Dungeon (8/15)             Temple (0/1) D:4
   Lair: D:8-11

Altars:
Fedhas
Gozag
Kikubaaqudgha
Ru
Sif Muna
Uskayaw
Vehumet
Wu Jian
Zin
The Shining One


Innate Abilities, Weirdness & Mutations

You reflexively headbutt those who attack you in melee.
You have a pair of horns on your head.


Message History

Press: ? - help, Shift-Dir - straight line, f/p - eight-headed hydra
Aim: an eight-headed hydra You shoot an arrow.
The arrow hits the eight-headed hydra.
The eight-headed hydra is lightly wounded.
The eight-headed hydra bites you but does no damage.
The eight-headed hydra bites you. The eight-headed hydra bites you!
The eight-headed hydra bites you but does no damage.
The eight-headed hydra bites you. The eight-headed hydra bites you!
* * * LOW HITPOINT WARNING * * *
The eight-headed hydra bites you but does no damage.
The eight-headed hydra closely misses you.
Your ogre goes berserk!
You feel somewhat less full. The eight-headed hydra bites you!
* * * LOW HITPOINT WARNING * * *
The eight-headed hydra bites you!
* * * LOW HITPOINT WARNING * * *
The eight-headed hydra closely misses you.
The eight-headed hydra bites you but does no damage. x2
The eight-headed hydra bites you!
You die...

.####.#####.#..... .....#
............#..######....#
.#######.##...##...⌠#....#
...........#.#.._..#8'8.# #
.........#)#.#.######.#.###.
#######..#...#.....'..#....
##..#...#.....'..#..#
........#.######†#.##
##..###.#.@D..#8'8..#######
#..###.##.O.⌠#..........)#
#.......######....##.###..
....##.....................
## #.##.#.#########.(.#.. #.
#...# #.....# #. ###.#
##..### #. #.# #..# ..
#.##########..#


You could see an eight-headed hydra and a friendly ogre (berserk).

Vanquished Creatures
  The ghost of HAL9000 the Cudgeler, a novice OgHu (Ossuary)
  A troll (D:7)
  Prince Ribbit (D:7)
  A spriggan (D:7)
  A water moccasin (D:7)
  The ghost of nikopol the Chopper, an amateur MiBe of Trog (D:3)
  A sky beast (D:7)
  A phantom (D:7)
  11 centaurs
  A big kobold (D:7)
  2 bullfrogs (D:8)
  5 scorpions
  A howler monkey (D:5)
  4 wights (D:8)
  3 crimson imps
  2 centaur zombies
  A jelly (D:6)
  5 orc priests
  4 hounds
  7 orc wizards
  3 bullfrog skeletons
  Natasha (twice) (D:3)
  4 iguanas
  10 worker ants
  A killer bee zombie (D:6)
  A bullfrog simulacrum (D:8)
  2 mummies
  2 hound skeletons
  A worker ant zombie (D:6)
  4 gnolls (D:6)
  10 adders
  A shadow imp (D:6)
  An ooze (D:2)
  An adder skeleton (D:4)
  4 worms
  5 leopard geckos
  24 orcs
  A ball python (D:3)
  10 bats
  7 giant cockroaches
  6 goblins
  7 hobgoblins
  9 jackals
  8 kobolds
  6 quokkas
  2 frilled lizards
  A giant cockroach zombie (D:6)
  3 gnoll skeletons (Ossuary)
  6 gnoll zombies (Ossuary)
  2 goblin skeletons (Ossuary)
  2 goblin zombies (Ossuary)
  3 hobgoblin skeletons (Ossuary)
  3 hobgoblin zombies (Ossuary)
  3 kobold skeletons (Ossuary)
  A kobold zombie (Ossuary)
  A leopard gecko skeleton (D:5)
  2 orc skeletons (Ossuary)
  A quokka skeleton (D:4)
  3 rats (D:3)
  A rat skeleton (Ossuary)
  5 rat zombies (Ossuary)
223 creatures vanquished.

Vanquished Creatures (others)
  Menkaure (Ossuary)
  2 mummies (Ossuary)
  A jackal (D:7)
  A gnoll skeleton (Ossuary)
  A goblin skeleton (Ossuary)
  2 goblin zombies (Ossuary)
  3 hobgoblin skeletons (Ossuary)
  A kobold skeleton (Ossuary)
  2 kobold zombies (Ossuary)
  An orc skeleton (Ossuary)
  2 orc zombies (Ossuary)
  4 rat skeletons (Ossuary)
  2 rat zombies (Ossuary)
23 creatures vanquished.

Grand Total: 246 creatures vanquished

Notes
Turn   | Place    | Note
-------+----------+-------------------------------------------
     0 | D:1      | nikopol the Minotaur Berserker began the quest for the Orb.
     0 | D:1      | Reached XP level 1. HP: 19/19 MP: 0/0
   218 | D:1      | Reached XP level 2. HP: 27/27 MP: 1/1
   839 | D:2      | Reached XP level 3. HP: 28/33 MP: 2/2
  1020 | D:2      | Reached ** piety under Trog
  1433 | D:3      | Noticed nikopol's ghost (amateur MiBe)
  1439 | D:3      | Reached skill level 5 in Axes
  1444 | D:3      | Killed nikopol's ghost
  1444 | D:3      | Reached XP level 4. HP: 22/41 MP: 3/3
  1445 | D:3      | Reached XP level 5. HP: 25/47 MP: 4/4
  2089 | D:3      | Noticed Natasha
  2098 | D:3      | Killed Natasha
  2165 | D:3      | Noticed Natasha
  2177 | D:3      | Killed Natasha
  2177 | D:3      | Reached XP level 6. HP: 47/53 MP: 5/5
  2336 | D:3      | Found a deep blue altar of Sif Muna.
  2336 | D:3      | Found an ancient bone altar of Kikubaaqudgha.
  2339 | D:3      | Found a radiant altar of Vehumet.
  2446 | D:3      | Found a sacrificial altar of Ru.
  2448 | D:3      | Reached *** piety under Trog
  2662 | D:4      | Found a staircase to the Ecumenical Temple.
  2764 | D:4      | Reached skill level 5 in Fighting
  3043 | D:5      | Entered Level 5 of the Dungeon
  3053 | D:5      | Reached skill level 1 in Stealth
  3265 | D:5      | Reached XP level 7. HP: 54/61 MP: 6/6
  3472 | D:5      | Found a glowing silver altar of Zin.
  3518 | D:5      | Reached skill level 5 in Armour
  3544 | D:5      | Found a blossoming altar of Fedhas.
  3729 | D:5      | Reached **** piety under Trog
  3864 | D:5      | Found an opulent altar of Gozag.
  4080 | D:6      | Reached XP level 8. HP: 59/70 MP: 7/7
  4315 | D:6      | Reached skill level 1 in Bows
  4574 | D:6      | Found a glowing golden altar of the Shining One.
  4711 | D:7      | Found a sand-covered staircase.
  4726 | Ossuary  | Entered an ossuary
  4831 | Ossuary  | Reached ***** piety under Trog
  4922 | Ossuary  | Killed Menkaure
  4980 | Ossuary  | Noticed HAL9000's ghost (novice OgHu)
  4995 | Ossuary  | Killed HAL9000's ghost
  4995 | Ossuary  | Reached skill level 5 in Bows
  5322 | D:7      | Reached XP level 9. HP: 51/79 MP: 8/8
  5433 | D:7      | Received a gift from Trog
  5434 | D:7      | Noticed Prince Ribbit
  5439 | D:7      | Killed Prince Ribbit
  5517 | D:7      | Noticed a troll
  5525 | D:7      | Killed a troll
  6054 | D:7      | Received a gift from Trog
  7152 | D:8      | Reached XP level 10. HP: 86/90 MP: 9/9
  7324 | D:8      | Found a large runed door.
  7325 | D:8      | Found a large runed door.
  7370 | D:8      | Found a hide-covered altar of Uskayaw.
  7387 | D:8      | Found an ornate altar of the Wu Jian Council.
  7387 | D:8      | Noticed an eight-headed hydra
  7393 | D:8      | HP: 2/90 [eight-headed hydra (12)]
  7393 | D:8      | Mangled by an eight-headed hydra

Vault maps used:
D:1:      lightli_arrival_noodles
D:2:      first_bread, minmay_pentomino_w2
D:3:      grunt_temple_overflow_magic_moments,
          nicolae_ru_great_annihilating_truth, minmay_misc_feat_encased,
          uniq_natasha
D:4:      minmay_temple_entry_water_ring
D:5:      old_standard_altar, zin_academy, lemuel_coloured_pillars_altar
D:6:      old_standard_altar
D:7:      hangedman_cross_stitches, gup_ossuary_entry_pyramid, the_bakery,
          centaur_isle, uniq_prince_ribbit1
D:8:      marbit_many_paths, lemuel_zombie_altar_yredelemnul,
          jmf_multi_god_temple2
Ossuary:  ossuary_due_pyramid

Skill      XL: |  1  2  3  4  5  6  7  8  9 |
---------------+----------------------------+-----
Axes           | 4 5 6 7 8 9 |  9.1
Fighting       | 4 5 6 7 8 |  8.6
Armour         | 3 4 5 6 7 |  7.2
Dodging        | 3 4 |  4.1
Stealth        | 1 2 |  2.0
Bows           | 6 9 |  9.4

Action                   |  1- 3 |  4- 6 |  7- 9 | 10-12 || total
-------------------------+-------+-------+-------+-------++-------
Melee: Hand axe          |    61 |   128 |   169 |    19 ||   377
       Headbutt          |     8 |    26 |    45 |     4 ||    83
       War axe           |       |       |    20 |       ||    20
 Fire: Shortbow          |       |       |   272 |    20 ||   292
Invok: Berserk           |     1 |       |     1 |       ||     2
       Burn Spellbooks   |       |     2 |     1 |       ||     3
       Brothers in Arms  |       |       |       |     1 ||     1
  Use: Scroll            |       |       |     7 |       ||     7
 Stab: Paralysed         |       |     1 |       |       ||     1
  Eat: Chunk             |     2 |     7 |    22 |       ||    31
Armor: Leather armour    |     1 |       |       |       ||     1
       Ring mail         |    20 |    12 |       |       ||    32
       Chain mail        |       |    34 |   163 |    20 ||   217
Dodge: Dodged            |    42 |    59 |   127 |    19 ||   247
